 Dungeon Crawl Stone Soup version 0.18.1-5-g4a78601 (webtiles) character file.

2055 imganon the Cleaver (level 9, -3/94 HPs)
             Began as a Demonspawn Berserker on May 13, 2016.
             Was an Elder of Trog.
             Slain by an orc warrior
             ... wielding a +0 halberd
              (19 damage)
             ... on level 6 of the Dungeon.
             The game lasted 00:08:43 (5899 turns).

imganon the Cleaver (Demonspawn Berserker)          Turns: 5899, Time: 00:08:44

Health: -3/94      AC: 11    Str: 26    XL:     9   Next: 5%
Magic:  9/9        EV:  8    Int:  8    God:    Trog [****..]
Gold:   345        SH:  0    Dex: 13    Spells: 0 memorised, 8 levels left

rFire  . . .     SeeInvis .     a - +0 hand axe
rCold  . . .     Gourm    .     i - +0 chain mail
rNeg   . . .     Faith    .     (no shield)
rPois  .         Spirit   .     (no helmet)
rElec  .         Dismiss  .     (no cloak)
rCorr  +         Reflect  .     (no gloves)
SustAt .         Harm     .     (no boots)
MR     .....                    (no amulet)
Stlth  ..........               b - +3 ring of slaying
                                u - ring of resist corrosion

@: berserking, very quick, not resistant to hostile enchantments, extremely
unstealthy
A: talons 1, icy blue scales 2
a: Berserk, Trog's Hand, Brothers in Arms, Burn Spellbooks, Renounce Religion


You were on level 6 of the Dungeon.
You worshipped Trog.
Trog was greatly pleased with you.
You were not hungry.

You visited 1 branch of the dungeon, and saw 6 of its levels.

You collected 345 gold pieces.

Inventory:

Hand Weapons
 a - a +0 hand axe (weapon)
Armour
 i - a +0 chain mail (worn)
Jewellery
 b - a +3 ring of slaying (right hand)
 u - a ring of resist corrosion (left hand)
Wands
 m - a wand of iceblast (6/15)
Scrolls
 d - 2 scrolls of random uselessness {unknown}
 e - 10 scrolls of identify {unknown}
 f - 3 scrolls of immolation {unknown}
 g - 3 scrolls of amnesia {unknown}
 j - 6 scrolls of remove curse
 k - 2 scrolls of fog {unknown}
 l - a scroll of recharging {unknown}
 n - a scroll of enchant armour {unknown}
 p - a scroll of fear {unknown}
 s - 2 scrolls of teleportation {unknown}
 t - 2 scrolls of magic mapping {unknown}
Potions
 h - a potion of brilliance
 o - a potion of resistance {unknown}
 q - a potion of magic {unknown}
 r - 3 potions of flight {unknown}
 v - 2 potions of curing {unknown}
 w - a potion of cure mutation {unknown}
 x - a potion of degeneration {unknown}
Comestibles
 c - 5 bread rations


   Skills:
 - Level 3.0 Fighting
 + Level 11.1 Axes
 - Level 1.7 Armour
 - Level 1.7 Dodging


You had 8 spell levels left.
You didn't know any spells.

Dungeon Overview and Level Annotations

Branches:
Dungeon (6/15)
 Temple: D:4-7

Altars:
Cheibriados
Dithmenos
Gozag
Okawaru
Pakellas
Sif Muna
Yredelemnul

Shops:
D:5 =


Innate Abilities, Weirdness & Mutations

You have sharp toenails.
You are mostly covered in icy blue scales (AC +3, EV -1).


Message History

The orc warrior hits you with a halberd!
You hit the orc warrior but do no damage.
You claw the orc warrior, but do no damage.
You hit the orc warrior.
You claw the orc warrior, but do no damage.
The orc warrior is lightly wounded.
The orc warrior hits you with a halberd!
You closely miss the orc warrior.
The orc warrior is lightly wounded.
The orc warrior hits you with a halberd!!
* * * LOW HITPOINT WARNING * * *
Unknown command.
A red film seems to cover your vision as you go berserk!
You feel yourself moving faster!
You feel mighty!
You feel somewhat more hungry.
The orc priest mumbles some strange prayers to Beogh against you.
Beogh smites you!
* * * LOW HITPOINT WARNING * * *
The orc warrior hits you with a halberd!!
You die...

#.#......#
###.#.>#####
#...#### #.###
# #...# .#
###.# ..# #.#
..
#.#######o##.#
#....(.@oo...#
#########......
..... ####


You could see an orc warrior, an orc priest and an orc.

Vanquished Creatures
  Pikel (D:4)
  Prince Ribbit (D:5)
  Grinder (D:6)
  Eustachio (D:4)
  An ice beast (D:6)
  2 ogres
  An iguana (D:4)
  A phantom (D:6)
  A giant frog (D:6)
  2 scorpions
  A crimson imp (D:5)
  A giant frog zombie (D:6)
  2 jellies (D:5)
  2 orc priests
  An orc wizard (D:3)
  Natasha (D:2)
  A hound zombie (D:6)
  A hound skeleton (D:4)
  A howler monkey zombie (D:6)
  A worker ant zombie (D:6)
  8 adders
  2 shadow imps (D:5)
  2 oozes
  An adder skeleton (D:6)
  2 worms (D:2)
  2 dart slugs
  4 giant geckos
  11 orcs
  10 giant cockroaches
  2 gnoll zombies (D:2)
  6 hobgoblins
  7 jackals
  6 quokkas
  13 bats
  3 giant newts
  5 goblins
  9 kobolds
  6 rats
123 creatures vanquished.

Vanquished Creatures (others)
  A slave (D:4)
  Crazy Yiuf (D:4)
  A howler monkey skeleton (D:4)
  2 adders (D:4)
  A giant cockroach (D:4)
  8 jackals (D:4)
14 creatures vanquished.

Grand Total: 137 creatures vanquished

Notes
Turn   | Place    | Note
--------------------------------------------------------------
     0 | D:1      | imganon the Demonspawn Berserker began the quest for the Orb.
     0 | D:1      | Reached XP level 1. HP: 18/18 MP: 1/1
   324 | D:1      | Reached skill level 3 in Axes
   598 | D:1      | Gained mutation: You have sharp toenails. [demonic ancestry]
   598 | D:1      | Reached XP level 2. HP: 24/24 MP: 2/2
  1197 | D:1      | Gained mutation: You are partially covered in icy blue scales (AC +1). [demonic ancestry]
  1197 | D:1      | Reached XP level 3. HP: 21/29 MP: 3/3
  1202 | D:1      | Reached ** piety under Trog
  1557 | D:2      | Found an iron altar of Okawaru.
  1580 | D:2      | Reached skill level 4 in Axes
  1792 | D:2      | Found a basalt altar of Yredelemnul.
  2019 | D:2      | Reached XP level 4. HP: 12/35 MP: 4/4
  2025 | D:2      | Noticed Natasha
  2029 | D:2      | Killed Natasha
  2282 | D:2      | Found a shadowy altar of Dithmenos.
  2297 | D:2      | Reached skill level 5 in Axes
  2520 | D:3      | Found a faded altar to an unknown god.
  2554 | D:3      | Reached XP level 5. HP: 36/41 MP: 5/5
  2568 | D:3      | Reached *** piety under Trog
  2764 | D:3      | Reached skill level 6 in Axes
  2823 | D:3      | Reached XP level 6. HP: 26/47 MP: 6/6
  3444 | D:4      | Noticed a slave
  3444 | D:4      | Noticed a slave
  3444 | D:4      | Noticed a slave
  3444 | D:4      | Noticed a slave
  3446 | D:4      | Noticed Pikel
  3465 | D:4      | Killed Pikel
  3465 | D:4      | Reached skill level 8 in Axes
  3465 | D:4      | Gained mutation: You are mostly covered in icy blue scales (AC +3, EV -1). [demonic ancestry]
  3465 | D:4      | Reached XP level 7. HP: 35/52 MP: 7/7
  3664 | D:4      | Noticed Eustachio
  3711 | D:4      | Killed Eustachio
  3887 | D:4      | Killed Crazy Yiuf
  4113 | D:4      | Found a snail-covered altar of Cheibriados.
  4114 | D:4      | Found a deep blue altar of Sif Muna.
  4345 | D:4      | Reached skill level 9 in Axes
  4345 | D:4      | Reached XP level 8. HP: 34/58 MP: 8/8
  4493 | D:5      | Entered Level 5 of the Dungeon
  4567 | D:5      | Found Rekhiel's Jewellery Boutique.
  4733 | D:5      | Reached **** piety under Trog
  4826 | D:5      | Noticed Prince Ribbit
  4841 | D:5      | Killed Prince Ribbit
  4841 | D:5      | Reached skill level 10 in Axes
  5202 | D:5      | Found an opulent altar of Gozag.
  5258 | D:5      | Found an oddly glowing altar of Pakellas.
  5599 | D:6      | Noticed Grinder
  5836 | D:6      | Killed Grinder
  5836 | D:6      | Reached skill level 11 in Axes
  5836 | D:6      | Reached XP level 9. HP: 63/63 MP: 9/9
  5899 | D:6      | Slain by an orc warrior

Skill      XL: |  1  2  3  4  5  6  7  8 |
---------------+-------------------------+-----
Axes           | 3 4 5 6 8 9 11 | 11.1
Fighting       | |  3.0
Armour         | |  1.7
Dodging        | |  1.7

Action                   |  1- 3 |  4- 6 |  7- 9 || total
-------------------------+-------+-------+-------++-------
Melee: Hand axe          |   199 |   131 |   196 ||   526
       Kick              |    47 |    40 |    64 ||   151
Invok: Berserk           |       |     1 |     4 ||     5
  Use: Potion            |       |     3 |       ||     3
       Scroll            |       |       |     1 ||     1
  Eat: Chunk             |     4 |     4 |     6 ||    14
       Fruit             |       |       |     4 ||     4
       Bread ration      |       |       |     1 ||     1
Armor: Animal skin       |    19 |       |       ||    19
       Chain mail        |    85 |    67 |   111 ||   263
Dodge: Dodged            |   114 |    46 |    57 ||   217
